 Dungeon Crawl Stone Soup version 0.28-a0-535-g6f645e4c1d (webtiles) character file.

Game seed: 8208156917707555236

3404 tilp the Thaumaturge (level 10, -7/72 HPs)
             Began as a Djinni Cinder Acolyte on Sept 26, 2021.
             Was a High Priest of Ignis.
             Splashed by a brown ugly thing's acid (8 damage)
             ... on level 9 of the Dungeon.
             The game lasted 00:16:59 (14040 turns).

tilp the Thaumaturge (Djinni Cinder Acolyte)       Turns: 14040, Time: 00:17:00

Health: -7/72      AC:  5    Str: 19    XL:     10   Next: 24%
Gold:   374        EV: 16    Int: 19    God:    Ignis [*****.] SH:  0 Dex:  9

rFire   + + +      SeeInvis .   a - +0 mace (spect)
rCold   x . .      Faith    .   (no shield)
rNeg    . . .      Spirit   .   n - +0 steam dragon scales
rPois   ∞          Reflect  .   (no helmet)
rElec   +          Harm     .   (no cloak)
rCorr   .          Rampage  .   (no gloves)
Will    +....                   (boots unavailable)
Stlth   ++........              q - amulet of the Air {Inacc Air Fly rElec RMsl}
HPRegen 0.22/turn               t - +4 ring of evasion
MPRegen 0.00/turn               f - +6 ring of strength

@: flying, repel missiles
A: sickness immunity, fire resistance 2, cold vulnerability 1, float, innate
caster, hp casting, extra vitality 1
a: Renounce Religion, Sea of Fire, Foxfire Swarm, Rising Flame


You were on level 9 of the Dungeon.
You worshipped Ignis.
Ignis was extremely pleased with you.
You visited 1 branch of the dungeon, and saw 9 of its levels.

You collected 374 gold pieces.

Inventory:

Hand Weapons
 a - a +0 spectral mace (weapon)
 y - a +0 dire flail of draining
Missiles
 c - 3 javelins (quivered)
 j - 4 atropa-tipped darts
 o - 4 boomerangs
 B - 3 poisoned darts
Armour
 n - +0 steam dragon scales (worn)
 z - a scarf of resistance
Jewellery
 f - a +6 ring of strength (right hand)
 i - a ring of positive energy
 q - the amulet of the Air (around neck) {Inacc Air Fly rElec RMsl}
   (You found it on level 5 of the Dungeon)

   [amulet of nothing]

   It reduces the accuracy of all your attacks.
   It enhances your air magic.
   rElec:     It insulates you from electricity.
   Fly:       It grants you flight.
   RMsl:      It protects you from missiles.
 t - a +4 ring of evasion (left hand)
 v - an amulet of faith
 x - a ring of resist corrosion
Wands
 d - a wand of paralysis (3)
 p - a wand of acid (8)
Scrolls
 k - a scroll of teleportation
Potions
 e - 2 potions of lignification
 g - a potion of might
 h - 2 potions of berserk rage
 l - 3 potions of attraction
 m - a potion of magic {unknown}
 r - 2 potions of curing
 s - a potion of haste {unknown}
 u - a potion of cancellation {unknown}
 A - a potion of experience {unknown}


   Skills:
 - Level 6.0 Fighting
 - Level 2.4 Maces & Flails
 - Level 4.0 Dodging
 - Level 4.0 Stealth
 + Level 8.6 Spellcasting
 - Level 4.0 Evocations


You had 16 spell levels left.
You knew the following spells:

 Your Spells              Type           Power      Damage    Failure   Level
a - Sting                 Tmut/Pois      100%       1d8       1%          1
b - Scorch                Fire           80%        2d9       1%          2
c - Static Discharge      Conj/Air       57%        N/A       1%          2
d - Ensorcelled Hibernat  Hex/Ice        80%        N/A       1%          2
e - Dazzling Flash        Conj/Hex       80%        N/A       1%          3
Your spell library was empty.

Dungeon Overview and Level Annotations

Branches:
Dungeon (9/15)             Temple (0/1) D:4
   Lair: D:8-11         Orc: D:9-12

Altars:
Cheibriados
Fedhas
Yredelemnul
The Shining One

Shops:
D:6 :   D:8 =

Annotations:
D:4 exclusion: steam dragon
D:8 2 runed translucent doors, bmj180's ghost, journeyman HOFi


Innate Abilities, Weirdness & Mutations

You are immune to sickness and miasma.
You are immune to poison.
Your flesh is very heat resistant. (rF++)
You are vulnerable to cold. (rC-)
You float through the air rather than walking.
You learn spells naturally, not from books.
Your magical power is your life essence.
You have superior vitality. (+4 HP)


Message History

Press: ? - help, Dir - look around, f - activate The brown ugly thing tentacle-slaps you.
You are splashed with acid!
Unknown command.
Casting: Dazzling Flash (safe; 1% risk of failure)
Confirm with . or Enter, or press ? or * to list all spells.
Casting: Dazzling Flash (safe; 1% risk of failure)
Press: ? - help, Dir - look around, f - activate The brown ugly thing is dazzled.
* * * LOW HITPOINT WARNING * * *
The brown ugly thing barely misses you.
Unknown command.
Unknown command.
The brown ugly thing is no longer blind.
The brown ugly thing tentacle-slaps you.
* * * LOW HITPOINT WARNING * * *
You are splashed with acid!
* * * LOW HITPOINT WARNING * * *
Aiming: Paralyse
Press: ? - help, Shift-Dir - straight line, f - brown ugly thing
Aim: a brown ugly thing (lightly wounded, chance to affect: 40%)
The brown ugly thing resists with some effort.
The brown ugly thing closely misses you.
Unknown command.
Aiming: Paralyse
Press: ? - help, Shift-Dir - straight line, f/p - brown ugly thing
Aim: a brown ugly thing (lightly wounded, chance to affect: 40%)
The brown ugly thing resists with some effort.
The brown ugly thing tentacle-slaps you!
* * * LOW HITPOINT WARNING * * *
You are splashed with acid!
* * * LOW HITPOINT WARNING * * *
Aiming: Paralyse
Press: ? - help, Shift-Dir - straight line, f/p - brown ugly thing
Aim: a brown ugly thing (lightly wounded, chance to affect: 40%)
The brown ugly thing resists with some effort.
The brown ugly thing tentacle-slaps you.
* * * LOW HITPOINT WARNING * * *
You are splashed with acid!
You die...

#.#.# ##.###.#).#
#.#.###..?.#>#..####
#.#.#....#.#.#.....#
#.#..<...#.#.#...#.#
..########.......#.#
.(........##.#.#.#.#
#########.##.#.....#
#.##.###u### #....#
#@# ########.#
#.....# #.##### #.#
#<# ###


You could see a brown ugly thing.

Vanquished Creatures
  A wyvern (D:9)
  A steam dragon (D:8)
  A black bear (D:6)
  4 orc warriors
  2 ice beasts
  An ogre (D:4)
  3 centaurs
  3 bullfrogs
  A kobold brigand (D:8)
  7 scorpions
  2 wyvern skeletons
  A water moccasin skeleton (D:5)
  2 killer bees (D:9)
  7 wights
  2 howler monkeys
  4 centaur zombies
  4 hounds
  2 orc priests
  2 jellies
  Terence (D:2)
  3 iguanas
  5 orc wizards
  A killer bee zombie (D:7)
  2 howler monkey zombies
  8 adders
  2 shadow imps
  2 white imps
  An ufetubus (D:6)
  2 adder skeletons (D:4)
  4 worms
  A dart slug (D:1)
  13 orcs
  10 ball pythons
  12 endoplasms
  6 giant cockroaches
  4 goblins
  8 hobgoblins
  4 jackals (D:4)
  A quokka (D:4)
  8 bats
  4 frilled lizards
  10 kobolds
  6 rats
168 creatures vanquished.

Vanquished Creatures (others)
  An orc (D:8)
1 creature vanquished.

Grand Total: 169 creatures vanquished

Notes
Turn   | Place    | Note
-------+----------+-------------------------------------------
     0 | D:1      | tilp the Djinni Cinder Acolyte began the quest for the Orb.
     0 | D:1      | Reached XP level 1. HP: 20/20 MP: 0/0
   467 | D:1      | Reached XP level 2. HP: 25/25 MP: 0/0
   588 | D:1      | Reached skill level 3 in Spellcasting
   790 | D:1      | Reached XP level 3. HP: 30/30 MP: 0/0
   790 | D:1      | Learned a level 1 spell: Sting
  1608 | D:2      | Noticed Terence
  1641 | D:2      | Killed Terence
  1642 | D:2      | Reached XP level 4. HP: 20/35 MP: 0/0
  2337 | D:2      | Reached skill level 4 in Spellcasting
  2566 | D:2      | Reached XP level 5. HP: 33/40 MP: 0/0
  2566 | D:2      | Learned a level 2 spell: Static Discharge
  3148 | D:3      | You are sucked into a shaft and drop 1 floor!
  3268 | D:4      | Noticed an ogre
  3293 | D:4      | Killed an ogre
  3294 | D:4      | Reached XP level 6. HP: 31/47 MP: 0/0
  3596 | D:4      | Reached skill level 5 in Spellcasting
  3653 | D:4      | Noticed a steam dragon
  3710 | D:4      | Reached XP level 7. HP: 39/52 MP: 0/0
  3710 | D:4      | Learned a level 2 spell: Ensorcelled Hibernation
  3824 | D:4      | Found a staircase to the Ecumenical Temple.
  5353 | D:4      | Found a basalt altar of Yredelemnul.
  5769 | D:5      | Entered Level 5 of the Dungeon
  5995 | D:5      | Found the amulet of the Air {Inacc Air Fly rElec RMsl}
  6057 | D:5      | Reached skill level 6 in Spellcasting
  6182 | D:5      | Found a snail-covered altar of Cheibriados.
  6355 | D:5      | Reached skill level 1 in Dodging
  6355 | D:5      | Reached skill level 1 in Stealth
  6355 | D:5      | Reached skill level 1 in Evocations
  6562 | D:5      | You are sucked into a shaft and drop 1 floor!
  6569 | D:6      | Reached XP level 8. HP: 41/58 MP: 0/0
  7490 | D:5      | Reached skill level 5 in Fighting
  8765 | D:6      | Reached XP level 9. HP: 58/66 MP: 0/0
  8765 | D:6      | Learned a level 3 spell: Dazzling Flash
  8993 | D:6      | Found Seudgham's Book Shop.
 10672 | D:8      | Found Asiomn's Jewellery Shoppe.
 10725 | D:8      | Reached skill level 7 in Spellcasting
 11030 | D:8      | Found a blossoming altar of Fedhas.
 11180 | D:8      | Found a glowing golden altar of the Shining One.
 11838 | D:8      | Reached XP level 10. HP: 50/72 MP: 0/0
 12777 | D:8      | Found a large runed translucent door.
 12777 | D:8      | Found a large runed translucent door.
 12778 | D:8      | Noticed bmj180's ghost (journeyman HOFi)
 13180 | D:9      | Reached skill level 8 in Spellcasting
 14010 | D:9      | Noticed a brown ugly thing
 14039 | D:9      | HP: 3/72 [acid (7)]
 14040 | D:9      | HP: 1/72 [brown ugly thing (2)]
 14040 | D:9      | Splashed by a brown ugly thing's acid

Illustrated notes

Levels and vault maps discovered:
D:1:      lightli_arrival_noodles, layout_loops_corners
D:2:      minmay_diamond_boxcup, layout_loops_ring,
          chequers_serial_rivers_micro_a, minmay_cut_off, uniq_terence
D:3:      layout_basic
D:4:      layout_loops_corners, marbit_many_paths, minmay_temple_entry_overgrown
D:5:      layout_gridville, lemuel_doored_altar, minmay_door_square
D:6:      layout_rooms, serial_shops, kennysheep_mini_moat,
          chequers_serial_rivers_large_b
D:7:      layout_basic
D:8:      layout_layer_cave, chequers_temple_overflow_statue_of_worship,
          ebering_ghost_disaster_area, serial_shops, nicolae_lakefront_shop,
          minmay_misc_feat_columns
D:9:      layout_basic, mainiacjoe_overflow_chevrons, minmay_shop_mass,
          hangedman_fish_farm

Skill      XL: |  1  2  3  4  5  6  7  8  9 10 |
---------------+-------------------------------+-----
Spellcasting   | 3 4 5 6 7 8 |  8.6
Fighting       | 4 6 |  6.0
Dodging        | 1 3 4 |  4.0
Stealth        | 1 2 4 |  4.0
Evocations     | 1 2 4 |  4.0
Maces & Flails | |  2.4

Action                   |  1- 3 |  4- 6 |  7- 9 | 10-12 || total
-------------------------+-------+-------+-------+-------++-------
Melee: Mace              |    69 |    49 |    59 |     8 ||   185
Throw: Javelin           |     1 |     2 |     4 |     2 ||     9
 Cast: Sting             |     4 |     9 |     2 |       ||    15
       Scorch            |     3 |    14 |   162 |    42 ||   221
       Static Discharge  |       |     2 |     1 |       ||     3
       Ensorcelled Hiber |       |       |     2 |       ||     2
       Dazzling Flash    |       |       |     7 |    19 ||    26
Evoke: Wand              |       |       |     1 |     3 ||     4
  Use: Scroll            |     3 |     3 |    10 |     2 ||    18
 Stab: Sleeping          |       |     1 |     2 |     1 ||     4
       Invisible         |       |       |       |     2 ||     2
Armor: Robe              |    16 |     4 |    24 |       ||    44
       Steam dragon scal |       |       |    10 |     6 ||    16
Dodge: Dodged            |    62 |    24 |    89 |    48 ||   223
       Repelled          |       |       |     1 |       ||     1

Table legend: (Time is in decaauts)
 A = Elapsed time spent in this place.
 B = Non-inter-level travel time spent in this place.
 C = Inter-level travel time spent in this place.
 D = Time resting spent in this place.
 E = Time spent auto-exploring this place.
 F = Levels seen in this place.
 G = Mean time per level.
                   A        B        C        D        E       F      G
               +--------+--------+--------+--------+--------+-----+--------+
         Total |  14097 |  13582 |    515 |   2889 |   9370 |   9 | 1566.3 |
       Dungeon |  14097 |  13582 |    515 |   2889 |   9370 |   9 | 1566.3 |
               +--------+--------+--------+--------+--------+-----+--------+

Top non-repeatable levels by time:
     D:8: 3312 daAuts
     D:4: 2742 daAuts
     D:5: 1676 daAuts
     D:1: 1578 daAuts
     D:2: 1559 daAuts
     D:7: 1161 daAuts
     D:6: 937 daAuts
     D:3: 670 daAuts
     D:9: 459 daAuts
